 Dungeon Crawl Stone Soup version 0.28.0-43-g3370ac3207 (webtiles) character file.

Game seed: 7069149103439362990

3094 funkygono the Arsonist (level 9, -3/47 HPs)
             Began as a Gargoyle Fire Elementalist on Mar 4, 2022.
             Slain by Joseph
             ... wielding a +0 quarterstaff
              (6 damage)
             ... on level 7 of the Dungeon.
             The game lasted 00:13:43 (8601 turns).

funkygono the Arsonist (Gargoyle Fire Elementalist) Turns: 8601, Time: 00:13:44

Health: -3/47      AC: 13    Str: 13    XL:     9   Next: 90%
Magic:  16/21      EV: 12    Int: 19    God:
Gold:   276        SH:  0    Dex: 10    Spells: 8/24 levels left

rFire   + . .      SeeInvis .   b - +7 mace
rCold   x . .      Faith    .   (no shield)
rNeg    + + .      Spirit   .   a - +0 robe
rPois   ∞          Reflect  .   j - +2 helmet
rElec   +          Harm     .   (no cloak)
rCorr   .          Rampage  .   (no gloves)
Will    .....                   g - +1 pair of boots
Stlth   ++........              (no amulet)
HPRegen 0.15/turn               c - ring of fire
MPRegen 0.17/turn               l - ring of positive energy

@: no status effects
A: sickness immunity, AC +6, negative energy resistance 1, electricity
resistance, torment resistance 1, petrification resistance
a: no special abilities


You were on level 7 of the Dungeon.
You visited 2 branches of the dungeon, and saw 8 of its levels.
You also visited: Ossuary.

You collected 276 gold pieces.

Inventory:

Hand Weapons
 b - a +7 mace (weapon)
 d - a +0 whip
 f - a +0 whip
 r - a +2 whip of freezing
 s - a +1 flail of draining
Missiles
 m - 211 stones
 o - a throwing net (quivered)
Armour
 a - a +0 robe (worn)
 g - a +1 pair of boots (worn)
 j - a +2 helmet (worn)
 v - an orb of light
Magical Staves
 n - a staff of conjuration
Jewellery
 c - a ring of fire (left hand)
 l - a ring of positive energy (right hand)
 D - a ring of protection from cold
Wands
 h - a wand of polymorph (1)
Scrolls
 x - a scroll of magic mapping
 B - a scroll of holy word
 C - a scroll of teleportation
Potions
 e - a potion of flight
 i - 4 potions of brilliance
 k - 6 potions of curing
 p - a potion of berserk rage {unknown}
 q - 2 potions of ambrosia
 t - 4 potions of haste
 u - 2 potions of mutation {unknown}
 w - 3 potions of heal wounds
 z - a potion of cancellation {unknown}
 A - a potion of lignification {unknown}


   Skills:
 + Level 1.5 Fighting
 + Level 2.0 Maces & Flails
 + Level 2.4 Dodging
 - Level 2.1 Stealth
 * Level 8.1 Spellcasting
 * Level 6.2 Conjurations
 * Level 8.4 Fire Magic


You had 8 spell levels left.
You knew the following spells:

 Your Spells              Type           Power      Damage    Failure   Level
a - Foxfire               Conj/Fire      100%       2x1d9     1%          1
b - Scorch                Fire           100%       2d10      1%          2
c - Conjure Flame         Conj/Fire      52%        6-21      1%          3
d - Flame Wave            Conj/Fire      52%        2d11      4%          4
e - Starburst             Conj/Fire      26%        6d8       56%         6

Your spell library contained the following spells:

 Spells                   Type           Power      Damage    Failure   Level
 Inner Flame              Hex/Fire       35%        N/A       4%          3
 Dazzling Flash           Conj/Hex       38%        N/A       8%          3
 Iskenderun's Mystic Bla  Conj/Tloc      19%        2d6       26%         4
 Summon Forest            Summ/Tloc      3%         N/A       94%         5
 Summon Mana Viper        Hex/Summ       7%         N/A       94%         5
 Summon Cactus Giant      Summ           3%         N/A       100%        6
 Malign Gateway           Summ/Tloc      3%         N/A       100%        7
 Summon Horrible Things   Summ           3%         N/A       100%        8


Dungeon Overview and Level Annotations

Branches:
Dungeon (7/15)             Temple (1/1) D:7         Ossuary (visited)

Altars:
Cheibriados
Dithmenos
Elyvilon
Hepliaklqana
Okawaru
Qazlal
Ru
Trog
Uskayaw
Wu Jian
Xom
Yredelemnul

Portals:
Abyss: D:3

Annotations:
D:3 2 transporters, TheBloodborn's ghost, amateur MfMo
D:7 Joseph


Innate Abilities, Weirdness & Mutations

You are immune to sickness and miasma.
Your stone body is resilient. (AC +6)
You are immune to poison.
You resist negative energy. (rN+)
You are resistant to electric shocks. (rElec)
You are resistant to unholy torment.
You are immune to petrification.


Message History

Joseph is lightly wounded.
Casting: Foxfire (safe; 1% risk of failure)
Confirm with . or Enter, or press ? or * to list all spells.
You feel a surge of power!
You conjure some foxfire!
The foxfire hits Joseph.
Joseph is lightly wounded.
The foxfire hits Joseph.
Joseph is lightly wounded.
The foxfire hits Joseph but does no damage.
Joseph is lightly wounded.
An orc comes into view. It is wielding a +0 hand axe.
Joseph shoots a sling bullet.
The sling bullet hits you!
Casting: Foxfire (safe; 1% risk of failure)
Confirm with . or Enter, or press ? or * to list all spells.
You feel a surge of power!
You conjure some foxfire!
The foxfire hits Joseph but does no damage.
Joseph is lightly wounded.
The foxfire hits Joseph.
Joseph is moderately wounded.
Casting: Foxfire (safe; 1% risk of failure)
Confirm with . or Enter, or press ? or * to list all spells.
You feel a surge of power!
Flames lash the orc.
You kill the orc!
You hear a shout! x2
The foxfire hits Joseph!
Joseph is moderately wounded.
The foxfire hits Joseph.
Joseph is heavily wounded.
You closely miss Joseph.
Joseph is heavily wounded.
Joseph unwields a +0 hunting sling.
Joseph wields a +0 quarterstaff.
Joseph closely misses you.
You sock Joseph!
Joseph is heavily wounded.
Joseph says, "It's nothing personal."
Joseph hits you with a +0 quarterstaff!
* * * LOW HITPOINT WARNING * * *
You sock Joseph!
Joseph is severely wounded.
Joseph hits you with a +0 quarterstaff.
You die...

#.# #.# #.# ### #.###..
## ##########
#.##.###.### .........#
#...........
########.###..#$#.#<##.#
#........@.......
#####>.##.@....(.
.....##........
####.######)#### #)# .#
#.# # ## ..# .###.# #.#
.....# #


You could see Joseph.

Vanquished Creatures
  Pikel (D:7)
  A komodo dragon (D:7)
  A hornet (D:7)
  Sigmund (D:4)
  A shadow (D:5)
  A sky beast (D:5)
  A necrophage (D:7)
  2 black bears
  2 ogres
  A lemure (D:7)
  An elf zombie (Ossuary)
  A bullfrog (D:7)
  2 scorpions
  A wyvern zombie (D:5)
  2 water moccasin zombies (D:5)
  A water moccasin skeleton (D:5)
  A centaur zombie (Ossuary)
  A crimson imp (D:5)
  A hound (D:6)
  A centaur skeleton (D:6)
  3 jellies
  An orc priest (D:7)
  2 gnoll shamans
  3 bullfrog zombies
  2 iguanas
  A hound zombie (D:5)
  A hound skeleton (D:4)
  3 mummies
  Robin (D:1)
  11 gnolls
  8 adders
  A white imp (D:5)
  An adder zombie (Ossuary)
  2 worms (D:2)
  2 dart slugs
  12 orcs
  7 ball pythons
  A bat (D:1)
  4 endoplasms
  4 giant cockroaches
  30 goblins
  13 hobgoblins
  3 jackals (D:2)
  5 quokkas
  4 frilled lizards (D:1)
  A goblin zombie (Ossuary)
  9 hobgoblin zombies (Ossuary)
  3 jackal zombies (Ossuary)
  10 kobolds
  11 kobold zombies (Ossuary)
  8 orc zombies (Ossuary)
  5 rats
  A rat zombie (Ossuary)
197 creatures vanquished.

Vanquished Creatures (others)
  619 foxfires
619 creatures vanquished.

Grand Total: 816 creatures vanquished

Notes
Turn   | Place    | Note
-------+----------+-------------------------------------------
     0 | D:1      | funkygono the Gargoyle Fire Elementalist began the quest
                  | for the Orb.
     0 | D:1      | Reached XP level 1. HP: 10/10 MP: 3/3
   159 | D:1      | Reached XP level 2. HP: 15/15 MP: 1/5
   164 | D:1      | Learned a level 2 spell: Scorch
   952 | D:2      | Found a snail-covered altar of Cheibriados.
  1015 | D:2      | Reached XP level 3. HP: 10/19 MP: 0/6
  1019 | D:2      | Learned a level 3 spell: Conjure Flame
  1227 | D:2      | Noticed Robin
  1582 | D:1      | Killed Robin
  1583 | D:1      | Reached XP level 4. HP: 17/24 MP: 2/8
  1842 | D:2      | Found a faded altar of an unknown god.
  2387 | D:3      | Found a transporter.
  2393 | D:3      | Noticed a scorpion
  2400 | D:3      | Found a one-way gate to the infinite horrors of the Abyss.
  2400 | D:3      | Noticed TheBloodborn's ghost (amateur MfMo)
  2407 | D:3      | Killed a scorpion
  2408 | D:3      | Reached XP level 5. HP: 24/28 MP: 1/9
  2413 | D:3      | Learned a level 4 spell: Flame Wave
  2722 | D:3      | Found a transporter.
  3380 | D:4      | Noticed an ogre
  3386 | D:4      | Killed an ogre
  3387 | D:4      | Reached XP level 6. HP: 32/32 MP: 4/11
  3455 | D:4      | Reached skill level 5 in Fire Magic
  3590 | D:4      | Noticed Sigmund
  3594 | D:4      | Killed Sigmund
  3595 | D:4      | Reached XP level 7. HP: 36/36 MP: 6/13
  4123 | D:5      | Entered Level 5 of the Dungeon
  4293 | D:5      | Reached skill level 5 in Spellcasting
  4420 | D:5      | Noticed a shadow
  4428 | D:5      | Killed a shadow
  4532 | D:5      | Reached XP level 8. HP: 42/42 MP: 12/16
  4636 | D:5      | Found a white marble altar of Elyvilon.
  5764 | D:6      | Reached skill level 1 in Maces & Flails
  5894 | D:6      | Reached skill level 5 in Conjurations
  5916 | D:6      | Found a sand-covered staircase.
  5954 | Ossuary  | Entered an ossuary
  6353 | Ossuary  | Reached XP level 9. HP: 44/46 MP: 0/19
  6730 | D:6      | Reached skill level 1 in Fighting
  7587 | D:6      | Found an ornate altar of the Wu Jian Council.
  7640 | D:6      | Learned a level 6 spell: Starburst
  7706 | D:7      | Noticed Pikel
  7723 | D:7      | Killed Pikel
  7827 | D:7      | Found a staircase to the Ecumenical Temple.
  7840 | Temple   | Entered the Ecumenical Temple
  8153 | D:7      | Noticed a hornet
  8163 | D:7      | Killed a hornet
  8373 | D:7      | Found a sacrificial altar of Ru.
  8493 | D:7      | Noticed a komodo dragon
  8502 | D:7      | Killed a komodo dragon
  8592 | D:7      | Noticed Joseph
  8601 | D:7      | Slain by Joseph

Illustrated notes

Levels and vault maps discovered:
D:1:      minmay_arrival_checkered_box, layout_loops_ring,
          nicolae_figureground_sparkle
D:2:      layout_basic, hellmonk_ecumenical_altar_pennies_from_heaven,
          basic_altar, uniq_robin
D:3:      layout_basic, gammafunk_ghost_abyssal_escape
D:4:      layout_cave_pools, minmay_cut_off, uniq_sigmund
D:5:      layout_gridville, kennysheep_little_box, serial_undead,
          serial_undead_b, serial_undead_b, serial_undead_f, serial_undead_e,
          serial_undead_c, serial_undead_c, serial_undead_c, serial_undead_b,
          hangedman_decor_riveting, minmay_fire_ice_demons
D:6:      corexii_shantytown, layout_cave_pools, nzn_wu_jian_council_hall,
          gup_ossuary_entry_pyramid
D:7:      layout_loops_ring, old_standard_altar,
          minmay_temple_entry_proselytizer, dk_vineyard_2, uniq_joseph,
          uniq_pikel
Temple:   compressed_dpeg_triangle_lava_temple

Skill      XL: |  1  2  3  4  5  6  7  8  9 |
---------------+----------------------------+-----
Fire Magic     | 4 5 6 7 8 |  8.4
Conjurations   | 2 3 5 6 |  6.2
Spellcasting   | 3 4 5 6 8 |  8.1
Dodging        | 2 |  2.4
Maces & Flails | 1 2 |  2.0
Fighting       | 1 |  1.5
Stealth        | |  2.1

Action                   |  1- 3 |  4- 6 |  7- 9 || total
-------------------------+-------+-------+-------++-------
Melee: Mace              |     9 |     2 |    49 ||    60
       Punch             |       |       |     1 ||     1
 Cast: Foxfire           |    48 |    58 |   250 ||   356
       Scorch            |     7 |     9 |    41 ||    57
       Flame Wave        |       |       |     2 ||     2
  Use: Scroll            |       |     5 |    15 ||    20
 Stab: Sleeping          |       |       |     2 ||     2
Armor: Robe              |    10 |       |    52 ||    62
Dodge: Dodged            |    11 |     8 |    64 ||    83
